 Dungeon Crawl Stone Soup version 0.32-a0-656-g3542139ebd (webtiles) character file.

Game seed: 18329961347469956137

28746 nuthulu the Severer (level 13, -4/130 HPs)
             Began as a Mountain Dwarf Fighter on Mar 8, 2024.
             Was the Champion of Okawaru.
             Slain by an ice devil (20 damage)
             ... in an ice cave.
             The game lasted 00:20:51 (11598 turns).

nuthulu the Severer (Mountain Dwarf Fighter)       Turns: 11598, Time: 00:20:51

Health: -4/130     AC: 25    Str: 24    XL:     13   Next: 11%
Magic:  16/18      EV: 13    Int: 15    God:    Okawaru [******]
Gold:   145        SH:  8    Dex:  7    Spells: 12/12 levels left

rFire   . . .        K - +9 broad axe of Xaryroel {freeze, Int+6 Dex-4}
rCold   . . .        L - +3 warlock's mirror {omnireflect}
rNeg    . . .        p - +0 plate armour
rPois   +            k - +2 helmet
rElec   .            x - +2 cloak
rCorr   .            M - +0 pair of gloves of the Griffon {rPois Regen+ Dex+2}
SInv    +            m - +2 pair of boots
Will    ++...        N - amulet of regeneration Stlth
                     o - ring of see invisible
HPRegen 2.01/turn    r - ring "Leiw" {Will+ EV+5 Slay+3}
MPRegen 0.16/turn

%: reflection
@: heroic
A: runic magic, artefact enchanting
a: Renounce Religion, Heroism, Finesse, Duel


You were in an ice cave.
You worshipped Okawaru.
Okawaru was exalted by your worship.
You visited 2 branches of the dungeon, and saw 13 of its levels.
You also visited: Gauntlet and Ice Cave.

You collected 787 gold pieces.
You spent 642 gold pieces at shops.

Inventory:

Hand Weapons
 a - a +2 spectral war axe
 y - a +3 morningstar of freezing
 K - the +9 broad axe of Xaryroel (weapon) {freeze, Int+6 Dex-4}
   (Okawaru gifted it to you on level 12 of the Dungeon)

   Int+6:     It affects your intelligence (+6).
   Dex-4:     It affects your dexterity (-4).
Missiles
 j - 7 throwing nets (quivered)
Armour
 k - a +2 helmet (worn)
 l - a +0 pair of gloves
 m - a +2 pair of boots (worn)
 p - a +0 plate armour (worn)
 t - a +0 tower shield
 x - a +2 cloak (worn)
 L - the +3 warlock's mirror (worn) {omnireflect}
   (Okawaru gifted it to you on level 12 of the Dungeon)

   Omnireflect: It can block and reflect piercing ranged attacks and magical
   attacks against the wielder's willpower.
 M - the +0 pair of gloves of the Griffon (worn) {rPois Regen+ Dex+2}
   (You bought it in a shop on level 12 of the Dungeon)

   Dex+2:     It affects your dexterity (+2).
   rPois:     It protects you from poison.
   Regen+:    It increases your rate of health regeneration.
Jewellery
 c - a +4 ring of slaying
 n - an amulet of magic regeneration
 o - a ring of see invisible (left hand)
 r - the ring "Leiw" (right hand) {Will+ EV+5 Slay+3}
   (You acquired it on level 3 of the Dungeon)

   [ring of evasion]

   EV+5:      It affects your evasion (+5).
   Slay+3:    It affects your accuracy & damage with ranged weapons and melee
   (+3).
   Will+:     It increases your willpower.
 B - a +4 ring of protection
 E - a +5 ring of evasion
 J - a +6 ring of dexterity
 N - an amulet of regeneration (around neck)
Wands
 b - a wand of roots (9)
 d - a wand of flame (45)
Scrolls
 g - 4 scrolls of teleportation
 s - 2 scrolls of fog
 A - a scroll of fear
 D - a scroll of immolation
 F - 2 scrolls of vulnerability
 H - 2 scrolls of amnesia
 O - a scroll of identify
 P - 2 scrolls of blinking
 Q - 2 scrolls of butterflies
Potions
 e - a potion of magic
 f - 2 potions of mutation
 h - 3 potions of haste
 q - 4 potions of heal wounds
 u - 4 potions of curing
 v - a potion of ambrosia
 w - 3 potions of invisibility
 z - 2 potions of cancellation
 C - 3 potions of brilliance
 G - a potion of attraction
 I - a potion of lignification {unknown}
Miscellaneous
 i - a phial of floods


   Skills:
 + Level 16.8(21.8) Fighting
 + Level 18.0(23.0) Axes
 - Level 3.2(8.2) Armour
 - Level 3.2(8.2) Shields
 - Level 7.8 Invocations


You had 12 spell levels left.
You didn't know any spells.
Your spell library contained the following spells:

 Spells                   Type           Power      Damage    Failure   Level
 Apportation              Tloc           0%         N/A       52%         1
 Sting                    Conj/Alch      0%         1d3       52%         1
 Jinxbite                 Hex            0%         N/A       65%         2
 Mercury Vapours          Alch/Air       0%         N/A       65%         2
 Static Discharge         Conj/Air       0%         3-3/arc   65%         2
 Sublimation of Blood     Necr           0%         N/A       65%         2
 Ozocubu's Armour         Ice            0%         N/A       87%         3
 Sigil of Binding         Hex            0%         N/A       87%         3
 Volatile Blastmotes      Fire/Tloc      0%         2d10      87%         3
 Airstrike                Air            0%         2d(0-16)  99%         4
 Dimensional Bullseye     Hex/Tloc       0%         N/A       99%         4
 Fulminant Prism          Conj/Alch      0%         3d5       99%         4
 Iskenderun's Mystic Bla  Conj/Tloc      0%         2d3       99%         4
 Olgreb's Toxic Radiance  Alch           0%         N/A       99%         4
 Alistair's Intoxication  Alch           0%         N/A       100%        5
 Metabolic Englaciation   Hex/Ice        0%         N/A       100%        5
 Eringya's Noxious Bog    Alch           0%         4d6       100%        6
 Chain Lightning          Conj/Air       0%         N/A       100%        9
 Fire Storm               Conj/Fire      0%         5d1       100%        9
 Shatter                  Erth           0%         3d5*      100%        9
 Call Imp                 Summ           Unusable   N/A       N/A         2
 Call Canine Familiar     Summ           Unusable   N/A       N/A         3
 Summon Lightning Spire   Summ/Air       Unusable   N/A       N/A         4
 Summon Forest            Summ/Tloc      Unusable   N/A       N/A         5
 Sculpt Simulacrum        Ice/Alch       Unusable   N/A       N/A         6
 Summon Hydra             Summ           Unusable   N/A       N/A         7

Dungeon Overview and Level Annotations

Branches:
Dungeon (12/15)            Temple (0/1) D:6            Lair (1/5) D:10
    Orc (0/2) D:11          IceCv (1/1)             Gauntlet (visited)

Altars:
Cheibriados
Dithmenos
Fedhas
Hepliaklqana
Nemelex Xobeh
Okawaru
Qazlal
Sif Muna
Vehumet
Yredelemnul
Zin
The Shining One

Shops:
D:4 *   D:6 ?   D:10 ?*[[   D:12 [

Annotations:
D:5 2 transporters, alja1234's ghost, novice DjAE
D:12 1 transporter


Innate Abilities, Weirdness & Mutations

Your spellcasting is much less encumbered by armour.
You can use scrolls of enchantment on lesser artefacts.


Message History

You slash the ice devil!
The ice devil is heavily wounded.
You slash the ufetubus! You freeze the ufetubus.
You kill the ufetubus!
Okawaru accepts your kill.
You hit the ice devil but do no damage. x2
You are engulfed in freezing vapours.
The ice devil hits you! The ice devil freezes you!!
The ice devil hits you but does no damage.
The ice devil hits you! The ice devil freezes you!
A spriggan simulacrum comes into view.
Unknown command.
Unknown command.
You gain the combat prowess of a mighty hero.
You are engulfed in freezing vapours.
You block the ice devil's attack. The ice devil hits you.
The ice devil freezes you!
The spriggan simulacrum hits you but does no damage.
Unknown command.
You slash the ice devil!
The ice devil is severely wounded.
You slash the ice devil! You hit the ice devil. You slash the ice devil!
You slash the spriggan simulacrum!
You are engulfed in freezing vapours.
The ice devil closely misses you.
The ice devil hits you but does no damage. x2
The ice devil hits you!
* * * LOW HITPOINT WARNING * * *
The ice devil freezes you!
* * * LOW HITPOINT WARNING * * *
Unknown command.
Okay, then.
You feel much better.
You are engulfed in freezing vapours.
* * * LOW HITPOINT WARNING * * *
The spriggan simulacrum hits you.
* * * LOW HITPOINT WARNING * * *
The spriggan simulacrum freezes you!
* * * LOW HITPOINT WARNING * * *
The ice devil hits you!
* * * LOW HITPOINT WARNING * * *
The ice devil freezes you!!
You die...

.... ...... ... ☼§#
..§.#§○## . . #
#.§§.§§§# .. ...#
#§§§#☼Z####..# #.≈
#§Z44Z....##..
#4@§........ #
##4☼.......### ###
###...######≈≈≈####..
##...### #≈≈≈###....
##...#########.##......
##...##)..##.........#..
#..###[...........#.###.
#...##.....##..###### ##
##..####....##...# #


You could see 4 ice devils, a cane toad simulacrum, a polar bear simulacrum and
a spriggan simulacrum.

Vanquished Creatures
  A minotaur (Gauntlet)
  Harold (D:10)
  A boulder beetle (D:12)
  A catoblepas (Lair:1)
  2 two-headed ogres
  An ugly thing (IceCv)
  4 cyclopes (D:12)
  13 elephants
  A black mamba (Lair:1)
  2 ice statues (IceCv)
  Joseph (D:9)
  5 cane toads (Lair:1)
  2 unseen horrors (D:12)
  A komodo dragon (Lair:1)
  2 ice devils (IceCv)
  A polar bear (Lair:1)
  Prince Ribbit (D:8)
  4 trolls
  5 shadows
  2 wraiths
  38 yaks
  3 wyverns
  5 steam dragons
  A basilisk (Lair:1)
  A death yak simulacrum (IceCv)
  4 vampire mosquitoes (D:12)
  A harpy simulacrum (IceCv)
  An acid dragon (D:11)
  5 water moccasins
  A sky beast (D:7)
  An orc warrior (D:6)
  An ice beast (D:5)
  3 black bears
  2 ogres
  6 centaurs
  2 phantoms
  Blork the orc (D:4)
  5 bullfrogs
  A kobold brigand (D:11)
  2 scorpions (D:7)
  3 two-headed ogre simulacra (IceCv)
  11 wights
  21 killer bees
  An electric eel (D:10)
  3 elephant simulacra (IceCv)
  4 howler monkeys
  2 jellies (D:5)
  A bombardier beetle (D:4)
  A gnoll bouda (D:9)
  2 hounds (D:5)
  2 orc priests
  Crazy Yiuf (D:5)
  A sleepcap (D:5)
  2 iguanas
  11 orc wizards
  A spriggan simulacrum (IceCv)
  Robin (D:2)
  3 gnolls (D:9)
  4 adders
  A naga simulacrum (IceCv)
  2 white imps (IceCv)
  4 ufetubi
  A ribbon worm (D:5)
  4 dart slugs
  33 orcs
  7 bats
  4 endoplasms
  3 giant cockroaches
  11 goblins
  11 hobgoblins
  3 jackals (D:4)
  7 quokkas
  5 ball pythons
  8 frilled lizards
  12 kobolds
  14 rats
340 creatures vanquished.

Vanquished Creatures (others)
  2 sky beasts (D:7)
  A bullfrog (D:7)
  A spectral weapon (D:12)
4 creatures vanquished.

Grand Total: 344 creatures vanquished

Notes
Turn   | Place    | Note
-------+----------+-------------------------------------------
     0 | D:1      | nuthulu the Mountain Dwarf Fighter began the quest for the
                  | Orb.
     0 | D:1      | Reached XP level 1. HP: 19/19 MP: 1/1
   146 | D:1      | Reached skill level 3 in Axes
   146 | D:1      | Reached XP level 2. HP: 22/26 MP: 2/2
   479 | D:1      | Reached XP level 3. HP: 33/33 MP: 3/3
   622 | D:1      | Found a faded altar of an unknown god.
  1377 | D:2      | Reached skill level 4 in Axes
  1377 | D:2      | Reached XP level 4. HP: 41/41 MP: 4/4
  1413 | D:2      | Noticed Robin
  1436 | D:2      | HP: 1/41 [rat (2)]
  1437 | D:2      | Killed Robin
  1909 | D:3      | Identified a scroll of acquirement
  1909 | D:3      | Acquired the ring "Leiw" {Will+ EV+5 Slay+3}
  2156 | D:4      | Reached skill level 5 in Fighting
  2156 | D:4      | Reached XP level 5. HP: 46/48 MP: 5/5
  2160 | D:4      | Reached skill level 5 in Axes
  2344 | D:4      | Found a hazy altar of Hepliaklqana.
  2344 | D:4      | Found an iron altar of Okawaru.
  2369 | D:4      | Noticed Blork the orc
  2376 | D:4      | Killed Blork the orc
  2426 | D:4      | Became a worshipper of Warmaster Okawaru
  2459 | D:4      | Reached XP level 6. HP: 57/57 MP: 6/6
  2749 | D:4      | Found Hoinkip's General Store.
  2757 | D:4      | Bought a scroll of enchant armour for 97 gold pieces
  2832 | D:5      | Entered Level 5 of the Dungeon
  2875 | D:5      | Found a runed translucent door.
  2876 | D:5      | Noticed Crazy Yiuf
  2952 | D:5      | Found a transporter.
  2957 | D:5      | Noticed alja1234's ghost (novice DjAE)
  3031 | D:5      | Killed Crazy Yiuf
  3041 | D:5      | Identified the +7 hammer "Naruwk" {flame, Dex+2}
  3168 | D:5      | Reached skill level 6 in Axes
  3337 | D:5      | Found a snail-covered altar of Cheibriados.
  3367 | D:5      | Found a basalt altar of Yredelemnul.
  3421 | D:5      | Noticed a water moccasin
  3432 | D:5      | Killed a water moccasin
  3433 | D:5      | Reached XP level 7. HP: 63/64 MP: 7/7
  3542 | D:5      | Reached skill level 7 in Axes
  3888 | D:5      | Found a transporter.
  3897 | D:5      | Reached * piety under Okawaru
  4091 | D:6      | Found Ceqo's Magic Scroll Emporium.
  4099 | D:6      | Bought a scroll of identify for 24 gold pieces
  4230 | D:6      | Found a staircase to the Ecumenical Temple.
  4239 | D:6      | Reached skill level 8 in Axes
  4343 | D:6      | Noticed a steam dragon
  4353 | D:6      | Killed a steam dragon
  4354 | D:6      | Reached XP level 8. HP: 70/74 MP: 8/8
  4991 | D:7      | Reached ** piety under Okawaru
  4992 | D:7      | Reached skill level 9 in Axes
  5253 | D:7      | Reached skill level 10 in Axes
  5482 | D:7      | Reached XP level 9. HP: 84/85 MP: 9/9
  5497 | D:7      | Reached *** piety under Okawaru
  5498 | D:7      | Reached skill level 10 in Fighting
  5630 | D:7      | Found a glowing golden altar of the Shining One.
  5644 | D:7      | Found a radiant altar of Vehumet.
  5647 | D:7      | Found a blossoming altar of Fedhas.
  5650 | D:7      | Found a glowing silver altar of Zin.
  5834 | D:7      | Reached skill level 11 in Axes
  5860 | D:7      | Found a shimmering blue altar of Sif Muna.
  6134 | D:8      | Noticed Prince Ribbit
  6141 | D:8      | Killed Prince Ribbit
  6141 | D:8      | Reached **** piety under Okawaru
  6223 | D:8      | Reached skill level 1 in Invocations
  6233 | D:8      | Found a sparkling altar of Nemelex Xobeh.
  6247 | D:8      | Reached skill level 12 in Axes
  6402 | D:8      | Identified the +0 robe "Nogodaen" {Rampage Will- rCorr
                  | Int+2 Dex-5}
  6416 | D:8      | Reached XP level 10. HP: 75/96 MP: 12/12
  6970 | D:9      | Reached skill level 5 in Invocations
  6986 | D:9      | Noticed Joseph
  7001 | D:9      | Killed Joseph
  7118 | D:9      | Reached ***** piety under Okawaru
  7568 | D:10     | Entered Level 10 of the Dungeon
  7595 | D:10     | Reached skill level 13 in Axes
  7610 | D:10     | Noticed Harold
  7634 | D:10     | Killed Harold
  7640 | D:10     | Reached XP level 11. HP: 68/105 MP: 16/16
  7780 | D:10     | Found a stormy altar of Qazlal.
  7914 | D:10     | Found Noczoti's Assorted Antiques.
  8041 | D:10     | Found Uski's Antique Armour Emporium.
  8103 | D:10     | Reached skill level 14 in Axes
  8139 | D:10     | Found a staircase to the Lair.
  8201 | D:10     | Found Kotzag's Armour Emporium.
  8323 | D:10     | Found Sipp's Magic Scroll Shoppe.
  8326 | D:10     | Bought a scroll of identify for 32 gold pieces
  8326 | D:10     | Bought a scroll of identify for 32 gold pieces
  8326 | D:10     | Bought a scroll of identify for 32 gold pieces
  8326 | D:10     | Bought a scroll of identify for 32 gold pieces
  8326 | D:10     | Bought a scroll of identify for 32 gold pieces
  8461 | D:10     | Found a shadowy altar of Dithmenos.
  8842 | D:11     | Found a staircase to the Orcish Mines.
  8867 | D:11     | Found a gate leading to a gauntlet.
  8873 | Gauntlet | Entered a Gauntlet
  8873 | Gauntlet | Found a transporter.
  8883 | Gauntlet | Found a transporter.
  8884 | Gauntlet | Found a transporter.
  8885 | Gauntlet | Found a transporter.
  8890 | Gauntlet | Found a runed translucent gate.
  8890 | Gauntlet | Found a runed translucent gate.
  8890 | Gauntlet | Found a runed translucent gate.
  8892 | Gauntlet | Found a transporter.
  8895 | Gauntlet | Found a transporter.
  8896 | Gauntlet | Found a transporter.
  8902 | Gauntlet | Noticed a necromancer
  8904 | Gauntlet | Found a transporter.
  8907 | Gauntlet | Found a transporter.
  8908 | Gauntlet | Found a transporter.
  8912 | Gauntlet | Noticed a balrug
  8916 | Gauntlet | Found a transporter.
  8919 | Gauntlet | Found a transporter.
  8920 | Gauntlet | Found a transporter.
  8922 | Gauntlet | Noticed a thrashing horror
  8929 | Gauntlet | Found a transporter.
  9048 | Gauntlet | Noticed a minotaur
  9062 | Gauntlet | Killed a minotaur
  9062 | Gauntlet | Received a gift from Okawaru
  9320 | D:11     | Noticed a two-headed ogre
  9332 | D:11     | Killed a two-headed ogre
  9998 | D:12     | Noticed an orc sorcerer
  9998 | D:12     | Noticed a deep elf zephyrmancer
 10032 | D:12     | Noticed an ogre mage
 10032 | D:12     | Noticed a tengu reaver
 10037 | D:12     | Found a transporter.
 10038 | D:12     | Found a shimmering blue altar of Sif Muna.
 10052 | D:12     | Noticed an arcanist
 10056 | D:12     | Reached skill level 15 in Axes
 10120 | D:12     | Noticed a two-headed ogre
 10129 | D:12     | Killed a two-headed ogre
 10239 | D:12     | Reached ****** piety under Okawaru
 10239 | D:12     | Received a gift from Okawaru
 10245 | D:12     | Acquired the +9 broad axe of Xaryroel {freeze, Int+6 Dex-4}
 10245 | D:12     | Received a gift from Okawaru
 10247 | D:12     | Acquired the +3 warlock's mirror {omnireflect}
 10247 | D:12     | Received a gift from Okawaru
 10247 | D:12     | Found the +3 warlock's mirror {omnireflect}
 10434 | D:12     | Noticed a boulder beetle
 10449 | D:12     | Killed a boulder beetle
 10450 | D:12     | Reached XP level 12. HP: 116/118 MP: 17/17
 10471 | D:12     | Found Dimahougu's Antique Armour Boutique.
 10474 | D:12     | Bought a pair of shimmering gloves for 361 gold pieces
 10474 | D:12     | Identified the +0 pair of gloves of the Griffon {rPois
                  | Regen+ Dex+2} (You bought it in a shop on level 12 of the
                  | Dungeon)
 10578 | D:12     | Reached skill level 15 in Fighting
 10578 | D:12     | Reached skill level 16 in Axes
 10949 | Lair:1   | Entered Level 1 of the Lair of Beasts
 10964 | Lair:1   | Received a gift from Okawaru
 11053 | Lair:1   | Noticed a catoblepas
 11057 | Lair:1   | Reached skill level 17 in Axes
 11062 | Lair:1   | Killed a catoblepas
 11107 | Lair:1   | Received a gift from Okawaru
 11379 | Lair:1   | Reached XP level 13. HP: 130/130 MP: 18/18
 11392 | Lair:1   | Found a frozen archway.
 11401 | IceCv    | Entered an ice cave
 11513 | IceCv    | Reached skill level 18 in Axes
 11598 | IceCv    | Slain by an ice devil

Illustrated notes

Levels and vault maps discovered:
D:1:      nzn_arrival_settlement, layout_rooms, chequers_ecumenical_altar_lobes,
          roderic_lattice_a, grunt_decor_mini_mirrors, wad_floor_pattern_2
D:2:      layout_loops_corners, minmay_misc_feat_iff, uniq_robin
D:3:      layout_rooms
D:4:      layout_basic, amethyst_overflow_temple_binary, serial_shops, shop,
          kennysheep_pointless_box, st_stairs_7, uniq_blork_the_orc
D:5:      layout_cave_pods, mainiacjoe_overflow_two_lobes,
          gammafunk_ghost_smash, uniq_crazy_yiuf_cottage
D:6:      layout_gridville, minmay_temple_entry_waves, serial_shops,
          nicolae_stop_n_shop_1
D:7:      layout_basic, nicolae_sif_muna_little_library,
          grunt_temple_overflow_cloverleaf, minmay_increasing_density
D:8:      layout_rooms, mainiacjoe_overflow_concentric_impassable,
          nicolae_letterblocks [nicolae_letter_subblock,
          nicolae_letter_subblock, nicolae_letter_subblock,
          nicolae_letter_subblock, nicolae_letter_subblock,
          nicolae_letter_subblock, nicolae_letter_subblock,
          nicolae_letter_subblock, nicolae_letter_subblock,
          nicolae_letter_subblock, nicolae_letter_subblock,
          nicolae_letter_subblock, nicolae_letter_subblock,
          nicolae_letter_subblock, nicolae_letter_subblock,
          nicolae_letter_subblock, nicolae_letter_subblock,
          nicolae_letter_subblock, nicolae_letter_subblock,
          nicolae_letter_subblock, nicolae_letter_subblock,
          nicolae_letter_subblock, nicolae_letter_subblock,
          nicolae_letter_subblock, nicolae_letter_subblock], uniq_prince_ribbit1
D:9:      layout_rooms, nicolae_kite_square_tiling_tiny,
          nicolae_underground_beach, uniq_joseph
D:10:     layout_basic, kennysheep_mini_moat, lemuel_crystal_altar,
          grunt_lair_entry_orc_guard_hut, serial_shops, kennysheep_mini,
          nicolae_shop_statue_plus, nicolae_shop_window_shopping, shop,
          uniq_harold
D:11:     layout_loops_corners, orc_0_dummy, gauntlet_entry_generic
D:12:     gammafunk_sealed_library, layout_basic, serial_shops, shop
Lair:1:   layout_chaotic_city, portal_ice_cave_entry_pillars_2,
          grunt_megastairs_3
IceCv:    ice_cave_small_demon

Skill      XL: |  1  2  3  4  5  6  7  8  9 10 11 12 13 |
---------------+----------------------------------------+-----
Axes           | 3 4 5 6 8 10 12 13 15 17 18 | 18.0
Fighting       | 4 5 6 8 9 11 12 14 16 | 16.8
Invocations    | 3 7 |  7.8
Armour         | |  3.2
Shields        | |  3.2

Action                     |  1- 3 |  4- 6 |  7- 9 | 10-12 | 13-15 || total
---------------------------+-------+-------+-------+-------+-------++-------
  Melee: War axe           |   105 |   130 |   175 |   260 |       ||   670
         Broad axe         |       |       |       |   130 |    49 ||   179
 Invoke: Heroism           |       |       |     1 |     2 |     1 ||     4
         Finesse           |       |       |       |     1 |       ||     1
         Receive Weapon    |       |       |       |     1 |       ||     1
         Receive Armour    |       |       |       |     1 |       ||     1
    Use: Scroll            |     6 |     7 |     4 |    13 |       ||    30
         Potion            |       |     1 |       |       |     1 ||     2
   Stab: Distracted        |       |       |       |     3 |       ||     3
         Petrified         |       |       |       |     3 |       ||     3
 Armour: Scale mail        |    74 |    50 |       |       |       ||   124
         Plate armour      |       |    59 |   167 |   291 |    42 ||   559
  Dodge: Dodged            |    62 |    61 |    90 |   141 |    15 ||   369
  Block: Buckler           |    20 |    16 |       |    57 |    18 ||   111
         Tower shield      |       |    45 |   163 |   150 |       ||   358
         Reflection        |       |       |       |     4 |     3 ||     7

Table legend: (Time is in decaauts)
 A = Elapsed time spent in this place.
 B = Non-inter-level travel time spent in this place.
 C = Inter-level travel time spent in this place.
 D = Time resting spent in this place.
 E = Time spent auto-exploring this place.
 F = Levels seen in this place.
 G = Mean time per level.
                   A        B        C        D        E       F      G
               +--------+--------+--------+--------+--------+-----+--------+
         Total |  11712 |  11334 |    378 |   1749 |   6930 |  15 |  780.8 |
       Dungeon |  10865 |  10487 |    378 |   1720 |   6566 |  12 |  905.4 |
          Lair |    434 |    434 |      0 |     11 |    270 |   1 |  434.0 |
      Ice Cave |    184 |    184 |      0 |      0 |     94 |   1 |  184.0 |
      Gauntlet |    227 |    227 |      0 |     18 |      0 |   1 |  227.0 |
               +--------+--------+--------+--------+--------+-----+--------+

Top non-repeatable levels by time:
    D:11: 1237 daAuts
     D:7: 1234 daAuts
     D:5: 1169 daAuts
     D:2: 1044 daAuts
    D:10: 1001 daAuts
    D:12: 915 daAuts
     D:8: 902 daAuts
     D:6: 876 daAuts
     D:1: 732 daAuts
     D:4: 727 daAuts
     D:9: 622 daAuts
  Lair:1: 434 daAuts
     D:3: 403 daAuts
Gauntlet: 227 daAuts
   IceCv: 184 daAuts
